 Dungeon Crawl Stone Soup version 0.18.1-47-g9310371 (webtiles) character file.

366 KrisztiCat the Digger (level 6, -3/32 HPs)
             Began as a Gargoyle Earth Elementalist on June 20, 2016.
             Shot with an arrow by a centaur (7 damage)
             ... on level 5 of the Dungeon.
             The game lasted 00:14:32 (2414 turns).

KrisztiCat the Digger (Gargoyle Earth Elementalist) Turns: 2414, Time: 00:14:34

Health: -3/32      AC:  6    Str: 11    XL:     6   Next: 68%
Magic:  9/13       EV: 12    Int: 18    God:
Gold:   109        SH:  0    Dex: 10    Spells: 2 memorised, 11 levels left

rFire  . . .     SeeInvis .     b - 40 stones
rCold  . . .     Gourm    .     a - +0 robe
rNeg   + . .     Faith    .     (no shield)
rPois  ∞         Spirit   .     (no helmet)
rElec  +         Dismiss  .     (no cloak)
rCorr  .         Reflect  .     (no gloves)
SustAt .         Harm     .     (no boots)
MR     .....                    (no amulet)
Stlth  ++........               (no ring)
                                (no ring)

@: not resistant to hostile enchantments, unstealthy
A: negative energy resistance 1, electricity resistance, unbreathing,
petrification resistance, rot immunity, AC +4
a: no special abilities


You were on level 5 of the Dungeon.
You were not hungry.

You visited 1 branch of the dungeon, and saw 5 of its levels.

You collected 109 gold pieces.

Inventory:

Hand Weapons
 l - a +0 whip
 q - a +0 flail
Missiles
 b - 40 stones (in hand)
Armour
 a - a +0 robe (worn)
 g - a +2 chain mail of cold resistance
Jewellery
 r - an uncursed amulet of the gourmand {unknown}
 w - an uncursed ring of protection from cold {unknown}
Scrolls
 j - a scroll of magic mapping {unknown}
 k - 4 scrolls of teleportation {unknown}
 m - 5 scrolls of identify {unknown}
 n - 3 scrolls of blinking {unknown}
 s - 2 scrolls of amnesia {unknown}
 t - 2 scrolls of remove curse {unknown}
 x - 2 scrolls of recharging {unknown}
Potions
 e - a potion of curing {unknown}
 h - 2 potions of magic {unknown}
 o - a potion of ambrosia {unknown}
 p - a potion of heal wounds {unknown}
 v - a potion of agility {unknown}
Books
 c - a book of Geomancy

   Spells                             Type                      Level
   a - Sandblast                      Earth                        1
   b - Passwall                       Transmutation/Earth          2
   c - Stone Arrow                    Conjuration/Earth            3
   d - Petrify                        Transmutation/Earth          4
   e - Lee's Rapid Deconstruction     Earth                        5
Comestibles
 d - 2 bread rations
 f - a slice of pizza
 i - 7 chunks of flesh
 u - 3 meat rations


   Skills:
 + Level 0.2 Fighting
 + Level 0.0 Maces & Flails
 + Level 0.0 Armour
 + Level 1.6 Dodging
 - Level 2.1 Stealth
 * Level 5.2 Spellcasting
 + Level 0.2 Conjurations
   Level 0.7 Transmutations
 + Level 5.8 Earth Magic


You had 11 spell levels left.
You knew the following spells:

 Your Spells              Type           Power        Failure   Level  Hunger
a - Sandblast             Erth           ####..       1%          1    None
b - Stone Arrow           Conj/Erth      ###...       14%         3    ##.....


Dungeon Overview and Level Annotations

Branches:
Dungeon (5/15)             Temple (0/1) D:5

Altars:


Innate Abilities, Weirdness & Mutations

You are resistant to torment.
Your stone body is resilient (AC +4).
You are immune to poison.
You resist negative energy.
You are resistant to electric shocks.
You can survive without breathing.
You are immune to petrification.
You are immune to rotting.


Message History

Confirm with . or Enter, or press ? or * to list all spells.
Aiming: Sandblast
Press: ? - help, Shift-Dir - straight line, f/p - centaur
Aim: a centaur, wielding a shortbow (lightly wounded)
The rocky blast hits the adder.
The adder is severely wounded.
The adder closely misses you.
Casting: Sandblast
Confirm with . or Enter, or press ? or * to list all spells.
Aiming: Sandblast
Press: ? - help, Shift-Dir - straight line, f/p - centaur
Aim: a centaur, wielding a shortbow (lightly wounded)
The rocky blast hits the centaur.
The centaur is moderately wounded.
The centaur unwields an uncursed shortbow.
The centaur closely misses you. The adder bites you.
* * * LOW HITPOINT WARNING * * *
The centaur wields an uncursed shortbow.
The centaur shoots an arrow.
The arrow hits you!
You die...

.......
#...#.#
#.#.8.##
#....(.### #
#.8.>.8.. .#
#.....(.##..#
#.8.#.%?..#
#####..@(.#
.......(..#
#.....cS###
....!....
#.......##
.......##
######. #. ..


You could see a centaur and an adder.

Vanquished Creatures
  A sky beast (D:3)
  An ogre (D:3)
  A giant frog (D:3)
  3 gnolls (D:3)
  4 adders
  2 worms (D:3)
  3 dart slugs
  2 giant geckos
  3 orcs (D:3)
  2 giant cockroaches
  8 goblins
  3 hobgoblins
  2 jackals (D:4)
  A quokka (D:4)
  8 bats
  2 giant newts (D:1)
  7 kobolds
  5 rats
58 creatures vanquished.

Notes
Turn   | Place    | Note
--------------------------------------------------------------
     0 | D:1      | KrisztiCat the Gargoyle Earth Elementalist began the quest for the Orb.
     0 | D:1      | Reached XP level 1. HP: 10/10 MP: 3/3
   225 | D:1      | Reached XP level 2. HP: 13/15 MP: 0/5
   752 | D:2      | Reached XP level 3. HP: 9/19 MP: 0/7
  1007 | D:3      | Noticed a sky beast
  1007 | D:3      | Noticed a giant frog
  1558 | D:3      | Reached XP level 4. HP: 20/24 MP: 3/8
  1596 | D:3      | Killed a giant frog
  1596 | D:3      | Reached XP level 5. HP: 18/28 MP: 3/10
  1613 | D:3      | Killed a sky beast
  1613 | D:3      | Reached skill level 5 in Earth Magic
  1806 | D:3      | Reached XP level 6. HP: 23/32 MP: 7/13
  1838 | D:3      | Reached skill level 5 in Spellcasting
  2035 | D:3      | Learned a level 3 spell: Stone Arrow
  2365 | D:5      | Entered Level 5 of the Dungeon
  2407 | D:5      | Found a staircase to the Ecumenical Temple.
  2414 | D:5      | Shot with an arrow by a centaur

Skill      XL: |  1  2  3  4  5  6 |
---------------+-------------------+-----
Earth Magic    | 4 5 |  5.8
Spellcasting   | 3 4 5 |  5.2
Fighting       | |  0.2
Dodging        | |  1.6
Stealth        | |  2.1
Conjurations   | |  0.2
Transmutations | |  0.7

Action                   |  1- 3 |  4- 6 || total
-------------------------+-------+-------++-------
Melee: Dagger            |    51 |       ||    51
       Whip              |    10 |    59 ||    69
 Cast: Sandblast         |    56 |    46 ||   102
 Stab: Sleeping          |     1 |     2 ||     3
  Eat: Chunk             |     2 |     3 ||     5
Armor: Robe              |    30 |    37 ||    67
Dodge: Dodged            |    61 |    63 ||   124
